 Dungeon Crawl Stone Soup version 0.27.1-1-g398f81649c (webtiles) character file.

Game seed: 10371032981249472719

1135 a11behringer the Carver (level 8, 0/64 HPs)
             Began as a Minotaur Fighter on Sept 7, 2021.
             Slain by a two-headed ogre (19 damage)
             ... on level 5 of the Dungeon.
             The game lasted 00:16:55 (3765 turns).

a11behringer the Carver (Minotaur Fighter)          Turns: 3765, Time: 00:16:56

Health: 0/64       AC: 10    Str: 22    XL:     8   Next: 14%
Magic:  7/7        EV:  5    Int:  5    God:
Gold:   151        SH:  9    Dex: 11    Spells: 7/7 levels left

rFire    . . .     SeeInvis .   a - +0 long sword
rCold    . . .     Faith    .   c - +0 kite shield
rNeg     . . .     Spirit   .   h - +0 chain mail
rPois    .         Reflect  .   (helmet restricted)
rElec    .         Harm     .   (no cloak)
rCorr    .         Rampage  .   (no gloves)
Will     +....                  u - +0 pair of boots
Stlth    ..........             (no amulet)
HPRegen  0.20/turn              v - ring of willpower
MPRegen  0.10/turn              (no ring)

@: no status effects
A: horns 2, retaliatory headbutt
a: no special abilities


You were on level 5 of the Dungeon.
You visited 1 branch of the dungeon, and saw 5 of its levels.

You collected 151 gold pieces.

Inventory:

Hand Weapons
 a - a +0 long sword (weapon)
 f - a +0 long sword
 m - the +5 short sword "Cazaid" {holy, rF++ Int+2}
   (You found it on level 4 of the Dungeon)

   It has been blessed by the Shining One to cause great damage to the undead
   and demons.
   Int:       It affects your intelligence (+2).
   rF:        It greatly protects you from fire.
 r - the +7 hunting sling "Ocruqut" {vorpal, *Slow rElec rPois Dex+4}
   (You took it off a hobgoblin on level 4 of the Dungeon)

   Any ammunition fired from it inflicts extra damage upon your enemies.
   Dex:       It affects your dexterity (+4).
   rElec:     It insulates you from electricity.
   rPois:     It protects you from poison.
   *Slow:     It may slow you when you take damage.
Armour
 b - a +0 scale mail
 c - a +0 kite shield (worn)
 h - a +0 chain mail (worn)
 u - a +0 pair of boots (worn)
Jewellery
 v - a ring of willpower (left hand)
Wands
 e - a wand of iceblast (6)
 s - a wand of flame (20)
Scrolls
 g - 2 scrolls of identify
 i - 2 scrolls of noise {unknown}
 l - a scroll of magic mapping {unknown}
 p - a scroll of teleportation
 t - a scroll of fear {unknown}
Potions
 d - a potion of might
 j - 2 potions of flight {unknown}
 k - a potion of brilliance {unknown}
 n - 2 potions of degeneration {unknown}
 o - a potion of curing {unknown}
 q - a potion of mutation {unknown}


   Skills:
 - Level 3.6 Fighting
 * Level 11.5 Long Blades
 - Level 3.6 Armour
 - Level 3.6 Shields


You had 7 spell levels left.
You didn't know any spells.
Your spell library was empty.

Dungeon Overview and Level Annotations

Branches:
Dungeon (5/15)
 Temple: D:4-7

Altars:

Shops:
D:1 [


Innate Abilities, Weirdness & Mutations

You have a pair of horns on your head.
You reflexively headbutt those who attack you in melee.


Message History

You see here a +0 pair of boots.
u - a +0 pair of boots You start putting on your armour.
You continue putting on your +0 pair of boots. x4
You finish putting on your +0 pair of boots.
v - a ring of willpower
v - a ring of willpower (left hand)
A two-headed ogre comes into view. It is wielding two +0 giant clubs.
The two-headed ogre shouts in stereo!
You hear a bark!
A hound comes into view.
You see here a scroll labelled PAAMIM HAPO.
Okay, then.
i - 2 scrolls labelled PAAMIM HAPO (gained 1)
The hound barely misses you. You furiously retaliate!
You headbutt the hound.
You riposte.
You hit the hound. Your headbutt misses the hound.
The hound is lightly wounded.
The hound bites you but does no damage.
You barely miss the hound.
The hound is lightly wounded.
You block the hound's attack.
Your shield prevents you from hitting the hound.
The hound is lightly wounded.
The hound stops to sniff the ground.
The hound bites you but does no damage.
You hit the two-headed ogre but do no damage.
You headbutt the two-headed ogre.
The two-headed ogre is lightly wounded.
You hit the two-headed ogre.
The two-headed ogre is lightly wounded.
You block the two-headed ogre's attack.
The two-headed ogre hits you with a +0 giant club!
You slash the two-headed ogre!
The two-headed ogre is moderately wounded.
The two-headed ogre hits you with a +0 giant club!!
The two-headed ogre hits you with a +0 giant club!
* * * LOW HITPOINT WARNING * * *
You slash the two-headed ogre! You headbutt the two-headed ogre!
The two-headed ogre is severely wounded.
The two-headed ogre hits you with a +0 giant club!!
You die...

#..##### #......# ##
#......# ###### #< #......#
#....# #. #......#
####....# #. #......#
#.......# #.
#.>....#####.#.....######.
#......##......#........#.
##+#...O#@#รท##.#.###.####.
# #.##.#O#.##.###...# #.
####.#.....h#....# #.### #.
.........#.###.##.###.## #.
.##..###...# ####.#....# #.
#. ###...# ####.# ###. ..
..#.# ####.# #... ## #...#
#....###.## ###.#
####.....#


You could see a two-headed ogre and a hound.

Vanquished Creatures
  5 yaks (D:5)
  A phantom (D:4)
  A bullfrog skeleton (D:5)
  2 jellies (D:4)
  3 hounds (D:4)
  Terence (D:3)
  2 adders
  A white imp (D:5)
  2 worms
  3 dart slugs
  9 endoplasms
  3 giant cockroaches (D:2)
  10 hobgoblins
  19 jackals
  5 kobolds
  3 quokkas
  8 ball pythons
  6 bats
  8 frilled lizards
  5 goblins
  A rat (D:1)
98 creatures vanquished.

Notes
Turn   | Place    | Note
-------+----------+-------------------------------------------
     0 | D:1      | a11behringer the Minotaur Fighter began the quest for the
                  | Orb.
     0 | D:1      | Reached XP level 1. HP: 19/19 MP: 0/0
   230 | D:1      | Reached skill level 3 in Long Blades
   333 | D:1      | Reached XP level 2. HP: 23/26 MP: 1/1
   408 | D:1      | Found Egec Yts's Antique Armour Emporium.
   444 | D:1      | Reached skill level 4 in Long Blades
   717 | D:1      | Reached XP level 3. HP: 29/31 MP: 2/2
   981 | D:2      | Reached skill level 5 in Long Blades
  1032 | D:2      | Found a faded altar of an unknown god.
  1252 | D:2      | Reached XP level 4. HP: 39/39 MP: 3/3
  1854 | D:3      | Noticed Terence
  1863 | D:3      | Killed Terence
  1864 | D:3      | Reached skill level 6 in Long Blades
  2408 | D:4      | Reached XP level 5. HP: 43/45 MP: 4/4
  2608 | D:4      | Noticed a phantom
  2618 | D:4      | Killed a phantom
  2619 | D:4      | Reached skill level 7 in Long Blades
  2775 | D:4      | Reached XP level 6. HP: 49/51 MP: 5/5
  2921 | D:4      | Identified the +5 short sword "Cazaid" {holy, rF++ Int+2}
  2939 | D:4      | Reached skill level 8 in Long Blades
  3246 | D:4      | Identified the +7 hunting sling "Ocruqut" {vorpal, *Slow
                  | rElec rPois Dex+4}
  3356 | D:5      | Entered Level 5 of the Dungeon
  3427 | D:5      | Noticed a yak
  3427 | D:5      | Noticed a yak
  3428 | D:5      | Noticed a yak
  3428 | D:5      | Noticed a yak
  3428 | D:5      | Noticed a yak
  3439 | D:5      | Killed a yak
  3440 | D:5      | Reached skill level 9 in Long Blades
  3440 | D:5      | Reached XP level 7. HP: 36/57 MP: 6/6
  3443 | D:5      | Killed a yak
  3444 | D:5      | Reached skill level 10 in Long Blades
  3455 | D:5      | Killed a yak
  3457 | D:5      | Killed a yak
  3458 | D:5      | Reached skill level 11 in Long Blades
  3461 | D:5      | Killed a yak
  3462 | D:5      | Reached XP level 8. HP: 14/64 MP: 7/7
  3745 | D:5      | Noticed a two-headed ogre
  3765 | D:5      | Slain by a two-headed ogre

Illustrated notes

Levels and vault maps discovered:
D:1:      dpeg_arrival_connections, layout_basic, serial_shops,
          nicolae_square_shop, serial_forest, infiniplex_forest_straight_5,
          infiniplex_forest_3_way, infiniplex_forest_lined_2,
          infiniplex_forest_end_2, infiniplex_forest_clump_small
D:2:      layout_loops_ring, shapermc_ecumenical_altar_petra, grunt_ministairs_2
D:3:      layout_rooms, grunt_decor_cap, uniq_terence
D:4:      layout_basic, minmay_misc_feat_five
D:5:      layout_basic, temple_fountains, uniq_duvessa, uniq_sigmund

Skill      XL: |  1  2  3  4  5  6  7 |
---------------+----------------------+-----
Long Blades    | 3 4 5 6 7 9 11 | 11.5
Fighting       | |  3.6
Armour         | |  3.6
Shields        | |  3.6

Action                   |  1- 3 |  4- 6 |  7- 9 || total
-------------------------+-------+-------+-------++-------
Melee: Long sword        |   107 |   143 |    22 ||   272
       Headbutt          |    13 |    32 |     6 ||    51
  Use: Scroll            |     1 |     4 |       ||     5
       Potion            |       |     1 |     1 ||     2
Armor: Scale mail        |    24 |       |       ||    24
       Chain mail        |    33 |    58 |     4 ||    95
Dodge: Dodged            |    34 |    30 |     2 ||    66
Block: Kite shield       |    65 |    56 |     5 ||   126
       Rpst.: Long sword |    10 |    10 |     1 ||    21
